 Dungeon Crawl Stone Soup version 0.22.1 (webtiles) character file.

360 IceCat the Chopper (level 6, 0/48 HPs)
             Began as a Formicid Abyssal Knight on Sept 18, 2018.
             Was a Believer of Lugonu.
             Succumbed to a killer bee's poison
             ... on level 10 of the Dungeon.
             The game lasted 00:07:26 (3215 turns).

IceCat the Chopper (Formicid Abyssal Knight)        Turns: 3215, Time: 00:07:26

Health: 0/48       AC:  5    Str: 19    XL:     6   Next: 98%
Magic:  7/8        EV: 11    Int: 11    God:    Lugonu [**....]
Gold:   155        SH:  0    Dex: 10    Spells: 5/5 levels left

rFire    . . .     SeeInvis +   a - +1 hand axe
rCold    . . .     Gourm    .   (no shield)
rNeg     . . .     Faith    .   g - +0 ring mail
rPois    .         Spirit   .   (helmet unavailable)
rElec    .         Reflect  .   (no cloak)
rCorr    .         Harm     .   (no gloves)
MR       .....                  (no boots)
Stlth    +.........             (no amulet)
HPRegen  0.16/turn              (no ring)
MPRegen  0.11/turn              (no ring)

@: lethally poisoned (0 -> -6)
A: permanent stasis, dig shafts and tunnels, four strong arms, antennae 3
a: Dig, Shaft Self, Depart the Abyss, Bend Space, Renounce Religion


You were on level 10 of the Dungeon.
You worshipped Lugonu.
Lugonu was pleased with you.
You were hungry.

You visited 1 branch of the dungeon, and saw 6 of its levels.
You visited the Abyss 1 time.

You collected 155 gold pieces.

Inventory:

Hand Weapons
 a - a +1 hand axe (weapon)
Armour
 b - a +0 leather armour
 g - a +0 ring mail (worn)
Wands
 h - a wand of iceblast (4)
 o - a wand of random effects (32)
Scrolls
 d - a scroll of remove curse {unknown}
 e - 2 scrolls of immolation {unknown}
 f - a scroll of teleportation {unknown}
 l - 2 scrolls of identify {unknown}
 m - a scroll of random uselessness {unknown}
 n - a scroll of fear {unknown}
Potions
 i - 2 potions of curing {unknown}
 j - a potion of flight {unknown}
 k - a potion of cancellation {unknown}
Comestibles
 c - 5 rations
 p - 5 chunks of flesh


   Skills:
 + Level 4.1 Fighting
 * Level 4.8 Axes
 + Level 3.9 Armour
 + Level 1.5 Dodging
 - Level 0.6 Stealth
 * Level 3.1 Invocations
 + Level 1.1 Evocations


You had 5 spell levels left.
You didn't know any spells.
Your spell library was empty.

Dungeon Overview and Level Annotations

Branches:
Dungeon (4/15)
 Temple: D:4-7

Altars:
Fedhas

Annotations:
D:10 Nergalle


Innate Abilities, Weirdness & Mutations

You cannot be hasted, slowed, berserked, paralysed or teleported.
You can dig through walls and to a lower floor.
Your four strong arms can wield two-handed weapons with a shield.
You have a pair of large antennae on your head. (SInv)


Message History

The killer bee buzzes angrily.
The killer bee stings you.
* * * LOW HITPOINT WARNING * * *
You are lethally poisoned!
The killer bee poisons you! Space bends around you!
You blink.
* * * LOW HITPOINT WARNING * * *
You feel sick. The killer bee misses you. x2
The killer bee stings you but does no damage.
Unknown command.
Unknown command.
Unknown command.
You are too injured to fight recklessly!
You are too injured to fight recklessly!
You are too injured to fight recklessly!
You are too injured to fight recklessly!
You are too injured to fight recklessly!
You barely miss the killer bee. You miss the killer bee.
You hit the killer bee but do no damage.
You die...

..o.{{......s............
.l.###..#########.###...
##s# #.# #.# #O# #O## #.#
#.ยง# #s# ##.# #####.##
#y## #......# #@y#
#[.....#### ##y#
#.........#
y.###........# #.#
#........# .. #......[.#
#.##........#
..#........# #.####'#####
#.#


You could see a two-headed ogre, a scorpion and 4 killer bees.

Vanquished Creatures
  Sigmund (D:2)
  A bullfrog zombie (D:2)
  An orc wizard (D:4)
  Natasha (D:3)
  A worker ant (D:4)
  2 adders (D:2)
  2 oozes (D:3)
  2 worms
  A dart slug (D:1)
  2 leopard geckos
  7 orcs
  4 giant cockroaches
  8 goblins
  5 hobgoblins
  2 jackals (D:1)
  9 bats
  5 frilled lizards
  6 kobolds
  7 rats
67 creatures vanquished.

Notes
Turn   | Place    | Note
-------+----------+-------------------------------------------
     0 | Abyss:1  | IceCat the Formicid Abyssal Knight began the quest for the
                  | Orb.
     0 | Abyss:1  | Reached XP level 1. HP: 18/18 MP: 2/2
   112 | Abyss:1  | Noticed a small abomination
   139 | Abyss:1  | Noticed an ice beast
   143 | Abyss:1  | Noticed a short sword of protection
   146 | D:1      | Escaped the Abyss
   313 | D:1      | Reached * piety under Lugonu
   412 | D:1      | Reached XP level 2. HP: 24/24 MP: 3/3
   507 | D:1      | Reached skill level 1 in Dodging
   728 | D:1      | You fall through a shaft!
   731 | D:2      | Reached XP level 3. HP: 22/30 MP: 4/4
   757 | D:2      | Noticed Sigmund
  1137 | D:2      | Reached XP level 4. HP: 29/37 MP: 5/5
  1152 | D:2      | Reached ** piety under Lugonu
  1752 | D:2      | Reached XP level 5. HP: 37/42 MP: 5/7
  1864 | D:2      | Found a blossoming altar of Fedhas.
  2002 | D:2      | Killed Sigmund
  2002 | D:2      | Reached XP level 6. HP: 15/48 MP: 8/8
  2417 | D:3      | Noticed Natasha
  2425 | D:3      | Killed Natasha
  2725 | D:3      | Found a faded altar of an unknown god.
  3079 | D:4      | Reached skill level 1 in Evocations
  3170 | D:4      | You fall through a shaft for 3 floors!
  3170 | D:7      | Noticed a sky beast
  3171 | D:7      | Noticed an orc warrior
  3180 | D:7      | You fall through a shaft for 3 floors!
  3180 | D:10     | Entered Level 10 of the Dungeon
  3180 | D:10     | Noticed a two-headed ogre
  3208 | D:10     | Noticed Nergalle
  3214 | D:10     | HP: 1/48 [poisoned by a killer bee]
  3215 | D:10     | Succumbed to a killer bee's poison

Skill      XL: |  1  2  3  4  5  6 |
---------------+-------------------+-----
Dodging        | 1 |  1.5
Axes           | 3 4 |  4.8
Fighting       | 4 |  4.1
Armour         | 3 |  3.9
Invocations    | 3 |  3.1
Evocations     | 1 |  1.1
Stealth        | |  0.6

Action                   |  1- 3 |  4- 6 || total
-------------------------+-------+-------++-------
Melee: Hand axe          |   100 |   134 ||   234
Invok: Depart the Abyss  |     1 |       ||     1
       Bend Space        |       |     2 ||     2
 Abil: Shaft Self        |       |     1 ||     1
Evoke: Wand              |       |     3 ||     3
 Stab: Sleeping          |     1 |       ||     1
  Eat: Chunk             |     1 |     6 ||     7
Armor: Leather armour    |    20 |       ||    20
       Ring mail         |    18 |    41 ||    59
Dodge: Dodged            |    65 |    80 ||   145
